 Dungeon Crawl Stone Soup version 0.30.1-4-g462c640d31 (webtiles) character file.

Game seed: 9051914072727077202

5677 vvl the Trooper (level 10, -4/77 HPs)
             Began as a Demonspawn Fighter on Sept 11, 2023.
             Was a Follower of Kikubaaqudgha.
             Slain by a hornet (13 damage)
             ... on level 8 of the Dungeon.
             The game lasted 00:13:19 (8280 turns).

vvl the Trooper (Demonspawn Fighter)                Turns: 8280, Time: 00:13:20

Health: -4/77      AC:  9    Str: 24    XL:     10   Next: 47%
Magic:  17/17      EV: 13    Int: 13    God:    Kikubaaqudgha [*.....]
Gold:   489        SH:  9    Dex: 12    Spells: 18/18 levels left

rFire   + . .        k - +2 war axe (vamp)
rCold   . . .        c - +0 buckler
rNeg    . . .        a - +2 leather armour {rF+}
rPois   .            (helmet restricted)
rElec   .            u - +0 cloak
rCorr   .            t - +0 pair of gloves
SInv    .            h - +0 pair of boots
Will    .....        (no amulet)
Stlth   +            p - +6 ring of strength
HPRegen 0.32/turn    (no ring)
MPRegen 0.15/turn

%: no passive effects
@: mighty, lethally poisoned (-4 -> -16), slowed, very slow
A: horns 2, condensation shield
a: Renounce Religion, Unearth Wretches


You were on level 8 of the Dungeon.
You worshipped Kikubaaqudgha.
Kikubaaqudgha was aware of your devotion.
You visited 2 branches of the dungeon, and saw 9 of its levels.
You also visited: Ossuary.

You collected 489 gold pieces.

Inventory:

Hand Weapons
 k - a +2 vampiric war axe (weapon)
Armour
 a - a +2 leather armour of fire resistance (worn)
 c - a +0 buckler (worn)
 h - a +0 pair of boots (worn)
 t - a +0 pair of gloves (worn)
 u - a +0 cloak (worn)
Jewellery
 p - a +6 ring of strength (left hand)
Scrolls
 e - 4 scrolls of enchant armour {unknown}
 f - 5 scrolls of teleportation {unknown}
 j - a scroll of noise {unknown}
 l - a scroll of acquirement {unknown}
 n - a scroll of vulnerability {unknown}
 r - 5 scrolls of enchant weapon {unknown}
 s - 6 scrolls of identify {unknown}
 v - 2 scrolls of poison {unknown}
 w - 2 scrolls of fog {unknown}
 y - a scroll of fear {unknown}
 A - a scroll of immolation {unknown}
 B - a scroll of amnesia {unknown}
 C - a scroll of blinking {unknown}
Potions
 b - 2 potions of cancellation {unknown}
 d - a potion of might
 g - 2 potions of flight {unknown}
 i - 3 potions of lignification {unknown}
 o - a potion of berserk rage {unknown}
 q - 3 potions of invisibility {unknown}
 x - 4 potions of mutation {unknown}
 z - a potion of heal wounds {unknown}


   Skills:
 + Level 6.4 Fighting
 + Level 5.3 Axes
 + Level 5.8 Armour
 + Level 5.0 Dodging
 + Level 5.7 Shields
 + Level 4.9 Spellcasting
 + Level 5.3 Summonings
 + Level 5.6 Necromancy


You had 18 spell levels left.
You didn't know any spells.
Your spell library contained the following spells:

 Spells                   Type           Power      Damage    Failure   Level
 Necrotise                Necr           68%        1d7       2%          1
 Sublimation of Blood     Necr           17%        N/A       3%          2
 Vampiric Draining        Necr           17%        2d7       8%          3
 Animate Dead             Necr           17%        N/A       24%         4
 Ensorcelled Hibernation  Hex/Ice        6%         N/A       36%         2
 Static Discharge         Conj/Air       6%         2-3/arc   36%         2
 Wereblood                Tmut           3%         N/A       36%         2
 Spider Form              Tmut/Pois      3%         N/A       58%         3
 Anguish                  Hex/Necr       5%         N/A       61%         4
 Summon Lightning Spire   Summ/Air       10%        N/A       63%         4
 Airstrike                Air            1%         2d(1-17)  94%         4
 Cause Fear               Hex            1%         N/A       94%         4
 Enfeeble                 Hex            1%         N/A       100%        7
 Summon Hydra             Summ           8%         N/A       100%        7


Dungeon Overview and Level Annotations

Branches:
Dungeon (8/15)             Temple (1/1) D:7            Lair (0/5) D:8
Ossuary (visited)

Altars:
Ashenzari
Cheibriados
Dithmenos
Fedhas
Gozag
Hepliaklqana
Kikubaaqudgha
Nemelex Xobeh
Okawaru
Qazlal
Ru
Sif Muna
Trog
Vehumet
Wu Jian
Xom
Yredelemnul

Shops:
D:5 :

Annotations:
D:1 2 transporters


Innate Abilities, Weirdness & Mutations

You have a pair of horns on your head.
A meltable shield of frost defends you. (SH +4)


Message History

The hornet is lightly wounded.
You feel yourself speed up. You block the hornet's attack.
The hornet closely misses you. x2
The hornet stings you!
You feel yourself slow down.
You hit the hornet.
You feel better.
The hornet is lightly wounded.
You feel yourself speed up. The hornet stings you!
You feel yourself slow down. The hornet stings you.
You feel as though you will be slow longer.
You hit the hornet but do no damage. You headbutt the hornet!
The hornet is moderately wounded.
The hornet stings you!
* * * LOW HITPOINT WARNING * * *
You are poisoned.
You suddenly lose the ability to move!
The hornet stings you.
* * * LOW HITPOINT WARNING * * *
You feel as though you will be slow longer.
The hornet stings you.
* * * LOW HITPOINT WARNING * * *
You feel as though you will be slow longer.
The hornet stings you but does no damage.
* * * LOW HITPOINT WARNING * * *
You feel very sick.
The hornet stings you but does no damage.
You can move again.
Unknown command.
You feel better. The hornet stings you.
* * * LOW HITPOINT WARNING * * *
You are poisoned.
You shrug off the repeated paralysis!
The hornet stings you but does no damage.
You feel very mighty all of a sudden.
You feel very sick. The hornet stings you.
* * * LOW HITPOINT WARNING * * *
You are lethally poisoned!
You feel as though you will be slow longer.
The hornet stings you!
You die...
Kikubaaqudgha rasps: "You have failed me!
Welcome... death!"

.## .# .. .# # #.#
.###. ##..##....
#.......# #.......#
########...y...#
........#..@#
..........#.#
.........##.#
.........#..##
##.#...>..........#
...#..........###...#
....#.........#
##....
.............## #....
.......##.##.# ....


You could see a hornet.

Vanquished Creatures
  A death yak (D:8)
  The ghost of aeroqp the Destroyer, a novice VSCj of Elyvilon (D:7)
  An elephant (D:8)
  A gargoyle (D:7)
  Sigmund (D:5)
  A shadow (D:6)
  2 basilisks (D:8)
  A steam dragon (D:6)
  Menkaure (D:7)
  3 water moccasins (D:7)
  4 orc warriors
  A black bear (D:7)
  An ogre (D:5)
  5 centaurs
  A phantom (D:6)
  A kobold brigand (D:6)
  2 elf skeletons (D:4)
  A bullfrog (D:7)
  3 scorpions
  4 water moccasin zombies (Ossuary)
  4 killer bees (D:8)
  A howler monkey (D:6)
  3 orc priests
  3 gnoll boudas
  2 hounds
  A sleepcap (D:4)
  Terence (D:3)
  An iguana (D:5)
  8 orc wizards
  A human skeleton (D:4)
  The ghost of merdmerd the Trooper, a weakling MiBe of Trog (D:3)
  2 mummies (Ossuary)
  8 adders
  25 gnolls
  A hound simulacrum (D:3)
  A shadow imp (D:7)
  3 white imps
  2 howler monkey simulacra (D:3)
  4 adder zombies (Ossuary)
  4 dart slugs
  An adder simulacrum (D:3)
  27 orcs
  5 bats
  9 endoplasms
  A giant cockroach (D:4)
  2 gnoll zombies (Ossuary)
  6 goblins
  10 hobgoblins
  6 jackals
  4 quokkas
  7 ball pythons
  3 frilled lizards
  3 hobgoblin zombies (Ossuary)
  A jackal simulacrum (D:3)
  9 kobolds
  5 kobold zombies (Ossuary)
  2 orc skeletons (D:4)
  4 orc zombies
  4 rats
221 creatures vanquished.

Vanquished Creatures (others)
  2 orcs (D:6)
2 creatures vanquished.

Grand Total: 223 creatures vanquished

Notes
Turn   | Place    | Note
-------+----------+-------------------------------------------
     0 | D:1      | vvl the Demonspawn Fighter began the quest for the Orb.
     0 | D:1      | Reached XP level 1. HP: 18/18 MP: 1/1
   100 | D:1      | Gained mutation: You have a pair of small horns on your
                  | head. [demonic ancestry]
   100 | D:1      | Reached XP level 2. HP: 22/24 MP: 2/2
   584 | D:1      | Gained mutation: A meltable shield of frost defends you.
                  | (SH +4) [demonic ancestry]
   584 | D:1      | Reached XP level 3. HP: 29/29 MP: 3/3
   980 | D:2      | Reached skill level 1 in Summonings
  1037 | D:2      | Reached XP level 4. HP: 35/35 MP: 5/5
  1068 | D:2      | Reached skill level 1 in Spellcasting
  1105 | D:2      | Reached skill level 1 in Necromancy
  1162 | D:2      | Reached skill level 1 in Dodging
  1201 | D:2      | Identified the +0 leather armour of Gravity {rElec Regen+}
  1701 | D:3      | Reached XP level 5. HP: 36/41 MP: 6/6
  1796 | D:3      | Noticed merdmerd's ghost (weakling MiBe)
  1828 | D:3      | Found a runed translucent gate.
  1828 | D:3      | Found a runed translucent gate.
  1828 | D:3      | Found a runed translucent gate.
  2214 | D:3      | Found a shadowy altar of Dithmenos.
  2316 | D:3      | Found a shimmering altar of Xom.
  2318 | D:3      | Noticed Terence
  2327 | D:3      | Killed Terence
  2532 | D:3      | Killed merdmerd's ghost
  2533 | D:3      | Reached XP level 6. HP: 18/48 MP: 8/8
  3385 | D:4      | Reached skill level 4 in Fighting
  3398 | D:4      | Reached XP level 7. HP: 52/54 MP: 10/10
  3406 | D:4      | Found a sand-covered staircase.
  3415 | Ossuary  | Entered an ossuary
  3952 | D:5      | Entered Level 5 of the Dungeon
  3966 | D:5      | Noticed Sigmund
  3975 | D:5      | Killed Sigmund
  3976 | D:5      | Reached XP level 8. HP: 60/61 MP: 10/12
  4048 | D:5      | Found Ipsyggown's Tremendous Tomes.
  4168 | D:5      | Found a sacrificial altar of Ru.
  5381 | D:6      | Found a bloodstained altar of Trog.
  5436 | D:6      | Reached skill level 5 in Fighting
  5545 | D:6      | Reached XP level 9. HP: 67/68 MP: 14/14
  6138 | D:7      | Noticed a gargoyle
  6138 | D:7      | Found a runed translucent gate.
  6138 | D:7      | Found a runed translucent gate.
  6138 | D:7      | Found a runed translucent gate.
  6138 | D:7      | Found an opulent altar of Gozag.
  6140 | D:7      | Noticed aeroqp's ghost (novice VSCj)
  6146 | D:7      | Noticed Menkaure
  6155 | D:7      | Killed Menkaure
  6343 | D:7      | Reached skill level 5 in Armour
  6344 | D:7      | HP: 3/68 [water moccasin (4)]
  6355 | D:7      | Reached skill level 5 in Shields
  6457 | D:7      | Found a snail-covered altar of Cheibriados.
  6565 | D:7      | Found an ancient bone altar of Kikubaaqudgha.
  6596 | D:7      | Became a worshipper of Kikubaaqudgha
  6673 | D:7      | HP: 3/68 [orc warrior/+0 trident (9)]
  6958 | D:7      | Found a staircase to the Ecumenical Temple.
  6985 | Temple   | Entered the Ecumenical Temple
  7647 | D:7      | Killed a gargoyle
  7648 | D:7      | Reached skill level 5 in Necromancy
  7653 | D:7      | Killed aeroqp's ghost
  7654 | D:7      | Reached skill level 6 in Fighting
  7654 | D:7      | Reached skill level 5 in Axes
  7654 | D:7      | Gained mutation: You have a pair of horns on your head.
                  | [demonic ancestry]
  7654 | D:7      | Reached XP level 10. HP: 9/76 MP: 16/16
  8003 | D:8      | Noticed an elephant
  8004 | D:8      | Found a staircase to the Lair.
  8004 | D:8      | Noticed a death yak
  8021 | D:8      | Killed an elephant
  8021 | D:8      | Reached * piety under Kikubaaqudgha
  8021 | D:8      | Received a gift from Kikubaaqudgha
  8022 | D:8      | Reached skill level 5 in Summonings
  8026 | D:8      | Killed a death yak
  8030 | D:8      | Reached skill level 5 in Dodging
  8269 | D:8      | Paralysed by a hornet for 2 turns
  8277 | D:8      | Paralysed by a hornet for 3 turns
  8280 | D:8      | Slain by a hornet

Illustrated notes

Levels and vault maps discovered:
D:1:      spicycebolla_arrival_transporter_tutorial, layout_loops_ring
D:2:      layout_loops_ring, nrook_uturn, minmay_misc_feat_cross
D:3:      layout_loops_cross, gammafunk_temple_overflow_statue,
          xom_teletrap_fun, marbit_many_paths, gammafunk_ghost_icy, uniq_terence
D:4:      layout_basic, nicolae_ossuary_entry_catacombs
D:5:      layout_basic, mainiacjoe_overflow_24_doors, chequers_decorated_corner,
          nicolae_shop_i_like_big_books, minmay_misc_feat_iff, uniq_sigmund
D:6:      layout_basic, amcnicky_altar_gilded, serial_aquarium,
          aquarium_bridge_straight [aquarium_subvault_bridge,
          aquarium_subvault_balcony, aquarium_subvault_bridge,
          aquarium_subvault_wall], aquarium_bridge_long_separate
          [aquarium_subvault_bridge, aquarium_subvault_bridge,
          aquarium_subvault_wall, aquarium_subvault_bridge,
          aquarium_subvault_bridge, aquarium_subvault_wall],
          aquarium_window_corner, aquarium_window_1, aquarium_view_2f,
          aquarium_pool_2
D:7:      layout_basic, kennysheep_slug_shrine,
          mainiacjoe_overflow_cross_hatched, minmay_temple_entry_mini_moons,
          ebering_ghost_gozag, hangedman_decor_push, minivault_26, uniq_menkaure
D:8:      layout_rooms, david_lair_generic, st_stairs_10, uniq_amaemon,
          uniq_erica, uniq_grum
Temple:   minmay_temple_curvy_loop

Skill      XL: |  1  2  3  4  5  6  7  8  9 10 |
---------------+-------------------------------+-----
Axes           | 2 3 4 5 |  5.3
Summonings     | 1 2 3 4 5 |  5.3
Shields        | 3 4 5 |  5.7
Armour         | 3 4 5 |  5.8
Spellcasting   | 1 2 3 4 |  4.9
Necromancy     | 1 2 3 4 5 |  5.6
Dodging        | 1 2 3 4 5 |  5.0
Fighting       | 4 5 6 |  6.4

Action                     |  1- 3 |  4- 6 |  7- 9 | 10-12 || total
---------------------------+-------+-------+-------+-------++-------
  Melee: War axe           |    90 |   154 |   408 |    52 ||   704
         Headbutt          |     9 |    19 |    71 |    10 ||   109
  Evoke: Wand              |       |       |     2 |       ||     2
    Use: Potion            |       |     1 |     7 |     5 ||    13
 Armour: Scale mail        |    49 |     1 |       |       ||    50
         Leather armour    |       |    53 |   143 |    26 ||   222
  Dodge: Dodged            |    33 |    59 |   283 |    68 ||   443
  Block: Buckler           |    28 |    55 |   231 |    37 ||   351
